 Dungeon Crawl Stone Soup version 0.23.1 (webtiles) character file.

Game seed: 14772556976877728950

52 Irenicus the Digger (level 3, -8/28 HPs)
             Began as a Deep Dwarf Earth Elementalist on Mar 9, 2019.
             Killed by nerve-wracking pain
             ... invoked by an orc priest
              (12 damage)
             ... on level 2 of the Dungeon.
             The game lasted 00:04:25 (481 turns).

Irenicus the Digger (Deep Dwarf Earth Elementalist)  Turns: 481, Time: 00:04:25

Health: -8/28      AC:  3    Str: 11    XL:     3   Next: 60%
Magic:  0/4        EV: 13    Int: 14    God:
Gold:   62         SH:  0    Dex: 15    Spells: 4/5 levels left

rFire    . . .     SeeInvis .   g - +1 dagger
rCold    + . .     Gourm    .   (no shield)
rNeg     . . .     Faith    .   c - +0 robe
rPois    .         Spirit   .   (no helmet)
rElec    .         Reflect  .   (no cloak)
rCorr    .         Harm     .   (no gloves)
MR       .....                  a - +0 pair of boots
Stlth    ++........             (no amulet)
HPRegen  0.00/turn              (no ring)
MPRegen  0.09/turn              (no ring)

@: lethally poisoned (-8 -> -8), non-regenerating
A: damage resistance, heal wounds, agile 1, cold resistance 1, dopey 1, sense
surroundings 1, no regeneration
a: Heal Wounds


You were on level 2 of the Dungeon.
You were not hungry.

You visited 1 branch of the dungeon, and saw 2 of its levels.

You collected 62 gold pieces.

Inventory:

Hand Weapons
 f - a +0 club
   (You took it off a hobgoblin on level 1 of the Dungeon)
 g - a +1 dagger (weapon)
   (You found it on level 1 of the Dungeon)
Missiles
 b - 26 stones (quivered)
Armour
 a - a +0 pair of boots (worn)
   (You found it on level 1 of the Dungeon)
 c - a +0 robe (worn)
Scrolls
 i - 2 scrolls of remove curse
Comestibles
 d - 2 rations


   Skills:
 - Level 2.1 Dodging
 - Level 2.4 Stealth
 - Level 1.7 Spellcasting
   Level 0.8 Transmutations
 + Level 6.2 Earth Magic


You had 4 spell levels left.
You knew the following spells:

 Your Spells              Type           Power        Failure   Level  Hunger
a - Sandblast             Erth           ###...       1%          1    ##.....

Your spell library contained the following spells:

 Spells                   Type           Power        Failure   Level  Hunger
 Passwall                 Tmut/Erth      ##......     9%          2    ###....
 Stone Arrow              Conj/Erth      #.....       21%         3    ####...
 Petrify                  Tmut/Erth      ##......     50%         4    #####..
 Lee's Rapid Deconstruct  Erth           ###.......   45%         5    ######.


Dungeon Overview and Level Annotations

Branches:
Dungeon (2/15)

Altars:


Innate Abilities, Weirdness & Mutations

You are resistant to damage.
You can heal yourself by infusing magical energy.
You passively map a small area around you.
You do not regenerate.
You are agile. (Dex +2)
Your flesh is cold resistant. (rC+)
You are dopey. (Int -2)


Message History

There is a stone staircase leading down here.
You take 4 damage, and have 3/22 hp.
You feel much better. Something hits you. The orc barely misses you.
Health restored: 22 You hit the orc but do no damage.
Something hits you. The orc barely misses you.
You hit the orc but do no damage. Something hits you but does no damage.
You don't know that spell.
Unknown command.
Aim: an orc, wielding a +0 war axe and wearing a +0 chain mail The blast of sand hits the orc but does no damage.
b - 28 stones The orc closely misses you.
Something hits you but does no damage.
You now have 0/4 mp.
You closely miss the orc. The orc hits you with a +0 war axe.
Something hits you but does no damage.
You take 1 damage, and have 21/22 hp.
You hit the orc but do no damage. The orc closely misses you.
Something hits you.
You take 1 damage, and have 20/22 hp.
You barely miss the orc. Something hits you. The orc barely misses you.
You hit the orc but do no damage.
An orc wizard appears from thin air!
The orc wizard closely misses you. The orc misses you.
You barely miss the orc. The orc wizard casts a spell at you.
You resist with some effort.
You barely miss the orc. The orc barely misses you.
The orc wizard hits you but does no damage.
You hit the orc but do no damage. The orc closely misses you.
The orc wizard casts a spell at you. The puff of flame hits you!
You take 7 damage, and have 13/22 hp.
MASSIVE DAMAGE!!
You hit the orc. The orc barely misses you. The orc wizard misses you.
You hit the orc.
You kill the orc!
The orc wizard hits you but does no damage.
You hit the orc wizard. The orc wizard completely misses you.
You hit the orc wizard. The orc wizard closely misses you.
You hit the orc wizard.
The orc wizard hits you but does no damage.
Aim: an orc wizard, wielding a +0 dagger and wearing a +0 robe (heavily wounded)
The blast of sand hits the orc wizard.
b - 27 stones The orc wizard hits you with a +0 dagger.
You now have 0/4 mp.
You closely miss the orc wizard. The orc wizard barely misses you.
You hit the orc wizard.
The orc wizard mumbles some strange words.
The orc wizard flickers and vanishes!
You closely miss something. Something hits you.
You take 3 damage, and have 10/22 hp.
You hit something. Something hits you.
You take 2 damage, and have 8/22 hp.
You hit something but do no damage. Something hits you.
You take 1 damage, and have 7/22 hp.
You hit something.
Your Earth Magic skill increases to level 6!
You have reached level 3!
Your experience leads to an increase in your attributes!
Your base attributes are Str 11, Int 15, Dex 13.
Increase (S)trength, (I)ntelligence, or (D)exterity?
You feel clever.
You feel a bit more experienced.
Things that are here:
a +0 war axe; a +0 chain mail; an orc corpse
Things that are here:
a +0 dagger; a +0 robe
There is a stone staircase leading down here.
You climb downwards.
There is a stone staircase leading up here.
Aim: an orc priest, wielding a -1 trident The blast of sand misses the orc priest.
b - 26 stones The orc priest calls down the wrath of Beogh upon you.
Pain shoots through your body!
* * * LOW HITPOINT WARNING * * *
You take 5 damage, and have 3/28 hp.
You now have 0/5 mp.
Your magical essence is drained by the effort!
You feel much better.
The orc priest calls down the wrath of Beogh upon you.
Beogh smites you!
Ouch! That really hurt!
* * * LOW HITPOINT WARNING * * *
You hear an angry hiss.
You regained 4 hp, and now have 7/28 hp.
The orc priest barely misses you.
The orc priest begins to cast a cantrip, but forgets the words!
You closely miss the orc priest.
An adder comes into view.
The orc priest misses you.
You closely miss the orc priest. The orc priest barely misses you.
The orc priest completely misses you.
You closely miss the orc priest. The adder bites you.
* * * LOW HITPOINT WARNING * * *
You are poisoned.
The adder poisons you!
The orc priest hits you but does no damage.
The orc priest invokes the aid of Beogh against you.
Pain shoots through your body!
You die...

######## ####**
,,,...... ... #.#..#*
#.# * , ####.#..######.#
#
#..............####.####
, ,
..#.#S.#............).#
#.#.o#.####..###.##.# ,
#.S@o.# #..# #o##{# ,
#.#.#### #..# #)##o# ,
*...#.# #.{# #.##.#
,#^#*#.# #.o###.##.# * *
#. #.# #####..##..o... *
# #....S........###.. *
#...>......#..# #.. ,
##.######..#..###.. , *
#..#.......


You could see 2 orc priests, an adder and a ball python.

Vanquished Creatures
  An orc wizard (D:1)
  An ooze (D:1)
  A leopard gecko (D:1)
  2 orcs
  A ball python (D:1)
  A giant cockroach (D:1)
  2 goblins
  4 hobgoblins
  A kobold (D:1)
  2 bats (D:1)
  3 rats (D:2)
19 creatures vanquished.

Notes
Turn   | Place    | Note
-------+----------+-------------------------------------------
     0 | D:1      | Irenicus the Deep Dwarf Earth Elementalist began the quest
                  | for the Orb.
     0 | D:1      | Reached XP level 1. HP: 15/15 MP: 3/3
   131 | D:1      | Reached XP level 2. HP: 22/22 MP: 0/4
   234 | D:1      | Reached skill level 5 in Earth Magic
   405 | D:2      | Gained mutation: You are dopey. (Int -2) [potion of
                  | mutation]
   405 | D:2      | Gained mutation: You are agile. (Dex +2) [potion of
                  | mutation]
   405 | D:2      | Gained mutation: Your flesh is cold resistant. (rC+)
                  | [potion of mutation]
   437 | D:2      | HP: 3/22 [orc priest/divine providence (12)]
   446 | D:2      | HP: 3/22 [orc/+0 war axe (4)]
   470 | D:1      | Reached skill level 6 in Earth Magic
   470 | D:1      | Reached XP level 3. HP: 8/28 MP: 0/5
   476 | D:2      | HP: 3/28 [orc priest/nerve-wracking pain (5)]
   481 | D:2      | HP: 4/28 [adder (3)]
   481 | D:2      | Killed from afar by an orc priest

Skill      XL: |  1  2 |
---------------+-------+-----
Earth Magic    | 6 |  6.2
Dodging        | |  2.1
Stealth        | |  2.4
Spellcasting   | |  1.7
Transmutations | |  0.8

Action                   || total
-------------------------++-------
Melee: Dagger            ||    28
       Club              ||     2
 Cast: Sandblast         ||    27
 Abil: Heal Wounds       ||     3
  Use: Scroll            ||     5
       Potion            ||     3
 Stab: Sleeping          ||     1
Armor: Robe              ||    10
Dodge: Dodged            ||    34

Levels and vault maps discovered:
D:1:      minmay_arrival_stone_box, layout_rooms
D:2:      layout_loops_ring

Table legend:
 A = Turns spent in this place as a percentage of turns spent in the entire game.
 B = Non-inter-level travel turns spent in this place as a percentage of non-inter-level travel turns spent in the entire game.
 C = Inter-level travel turns spent in this place as a percentage of turns spent in this place.
 D = Turns resting spent in this place as a percentage of non-inter-level travel turns spent in this place.
 E = Turns spent auto-exploring this place as a percentage of non-inter-level travel turns spent in this place.
 F = Non-inter-level travel turns spent in this place divided by the number of levels of this place that you've seen.
                   A       B       C       D       E      F
               +-------+-------+-------+-------+-------+----------------------
         Total | 100.0 | 100.0 |   0.0 |   0.0 |   0.0 | 240.5
       Dungeon | 100.0 | 100.0 |   0.0 |   0.0 |   0.0 | 240.5
               +-------+-------+-------+-------+-------+----------------------

Table legend:
 A = Kills in this place as a percentage of kills in entire the game.
 B = Kills by you in this place as a percentage of kills by you in the entire game.
 C = Kills by friends in this place as a percentage of kills by friends in the entire game.
 D = Other kills in this place as a percentage of other kills in the entire game.
 E = Experience gained in this place as a percentage of experience gained in the entire game.
 F = Experience gained in this place divided by the number of levels of this place that you have seen.
                   A       B       C       D       E      F
               +-------+-------+-------+-------+-------+----------------------
         Total | 100.0 | 100.0 |   N/A |   N/A | 100.0 |  37.5
       Dungeon | 100.0 | 100.0 |   N/A |   N/A | 100.0 |  37.5
               +-------+-------+-------+-------+-------+----------------------
